 Dungeon Crawl Stone Soup version 0.24-b1 (webtiles) character file.

Game seed: 6015244141579004006, levelgen mode: deterministic

28 Gumption the Grave Robber (level 2, 0/19 HPs)
             Began as a Demonspawn Necromancer on Oct 12, 2019.
             Slain by a worm (5 damage)
             ... on level 2 of the Dungeon.
             The game lasted 00:10:29 (1434 turns).

Gumption the Grave Robber (Demonspawn Necromancer)  Turns: 1434, Time: 00:10:30

Health: 0/19       AC:  3    Str:  8    XL:     2   Next: 96%
Magic:  1/5        EV: 11    Int: 16    God:
Gold:   51         SH:  0    Dex: 13    Spells: 3/5 levels left

rFire    . . .     SeeInvis .   d - -1 mace (curse)
rCold    . . .     Gourm    .   (no shield)
rNeg     . . .     Faith    .   b - +0 leather armour
rPois    .         Spirit   .   (no helmet)
rElec    .         Reflect  .   (no cloak)
rCorr    .         Harm     .   (no gloves)
MR       .....                  (no boots)
Stlth    ++........             (no amulet)
HPRegen  0.06/turn              (no ring)
MPRegen  0.09/turn              (no ring)

@: no status effects
A: powered by death 1
a: no special abilities


You were on level 2 of the Dungeon.
You were not hungry.

You visited 1 branch of the dungeon, and saw 2 of its levels.

You collected 51 gold pieces.

Inventory:

Hand Weapons
 d - a cursed -1 mace (weapon)
Missiles
 h - 20 poisoned darts (quivered)
Armour
 a - a +0 robe
 b - a +0 leather armour (worn)
Scrolls
 e - a scroll of magic mapping {unknown}
 f - a scroll of teleportation {unknown}
 i - a scroll of amnesia {unknown}
Comestibles
 c - 2 rations
 g - 3 chunks of flesh


   Skills:
 - Level 1.7 Dodging
 - Level 1.7 Stealth
 + Level 2.4 Spellcasting
 * Level 5.1 Necromancy


You had 3 spell levels left.
You knew the following spells:

 Your Spells              Type           Power        Failure   Level  Hunger
a - Pain                  Necr           ###.         3%          1    #......
b - Animate Skeleton      Necr           N/A          3%          1    #......

Your spell library contained the following spells:

 Spells                   Type           Power        Failure   Level  Hunger
 Vampiric Draining        Necr           ###.......   11%         3    ###....
 Regeneration             Chrm/Necr      ##........   30%         3    ###....
 Animate Dead             Necr           N/A          34%         4    #####..


Dungeon Overview and Level Annotations

Branches:
Dungeon (2/15)

Altars:


Innate Abilities, Weirdness & Mutations

You regenerate a little health from kills.


Message History

Your frilled lizard skeleton is destroyed!
Your rat skeleton barely misses the worm.
You completely miss the worm.
The worm is moderately wounded.
Your rat skeleton bites the worm but does no damage.
The worm bites you!
Ouch! That really hurt!
Your rat skeleton barely misses the worm.
Your rat skeleton bites the worm.
Casting: Pain (safe; 3% risk of failure)
Confirm with . or Enter, or press ? or * to list all spells.
Aiming: Pain (safe; 3% risk of failure)
Press: ? - help, Shift-Dir - straight line, f/p - worm
Aim: a worm (lightly wounded, chance to defeat MR: 84%)
The worm writhes in agony.
Casting: Pain (safe; 3% risk of failure)
Confirm with . or Enter, or press ? or * to list all spells.
You don't have enough magic to cast that spell.
The worm bites you.
You die...

#..........#.##.#
..........#.##.#
###........#.##.#
#.......#..#.##.#
#...............###
#.................#
#......Z......#.###
#.....w##..#..#.#
#.#..@.......>..#
#.#....##<.#..#####
#.................#
###...........#####
#.............#
#........#.#.##
###.#.####.#.#
##########.#........#
#............######.#


You could see a worm and a friendly rat skeleton.

Vanquished Creatures
  2 dart slugs (D:1)
  4 bats (D:1)
  A giant cockroach (D:1)
  A goblin (D:1)
  3 hobgoblins (D:1)
  A frilled lizard (D:2)
  3 kobolds (D:1)
  4 rats
19 creatures vanquished.

Vanquished Creatures (collateral kills)
  An ooze (D:1)
  A goblin (D:1)
2 creatures vanquished.

Grand Total: 21 creatures vanquished

Notes
Turn   | Place    | Note
-------+----------+-------------------------------------------
     0 | D:1      | Gumption the Demonspawn Necromancer began the quest for the
                  | Orb.
     0 | D:1      | Reached XP level 1. HP: 13/13 MP: 3/3
   685 | D:1      | Gained mutation: You regenerate a little health from kills.
                  | [demonic ancestry]
   685 | D:1      | Reached XP level 2. HP: 19/19 MP: 3/5
   812 | D:1      | Learned a level 1 spell: Animate Skeleton
   945 | D:1      | Reached skill level 5 in Necromancy
  1434 | D:2      | Slain by a worm

Skill      XL: |  1  2 |
---------------+-------+-----
Necromancy     | 5 |  5.1
Dodging        | |  1.7
Stealth        | |  1.7
Spellcasting   | |  2.4

Action                   || total
-------------------------++-------
Melee: Mace              ||    29
Throw: Dart              ||     6
 Cast: Pain              ||    28
       Animate Skeleton  ||     5
 Stab: Sleeping          ||     1
  Eat: Chunk             ||     2
Armor: Leather armour    ||    27
Dodge: Dodged            ||    42
